cohdb
Replays
Latest Replays
All Replays
Popular Replays
Top Player Replays
Match Explorer
How It Works
Community
CoH3 Stats
Reddit
Sign in to upload your games and track your stats! →
Sign in with Steam
Match 43487124
Unlisted
Match 43487124
Overview
Messages
Build Orders
End
Selects Airborne Battlegroup
Selects Pathfinders
Pathfinder Squad
Pathfinder Squad
Construct Weapon Support Center
M1919 Machine Gun Team
Selects Paratrooper Squad Paradrop
Paratrooper Squad Paradrop
Bazooka Squad
Construct Medical Station
Paratrooper Squad Paradrop
Selects Anti-tank Gun Team Paradrop
Infantry Support Center
Advanced Logistics
Construct Motor Pool
Anti-tank Gun Team Paradrop
Selects Smoke Bombing Run
Selects Paradrop Reinforcements
Selects Smoke Bombing Run
Selects Supply Drop
M8 Greyhound Armored Car
Lord Hedgehog
Bishop
Mad GobliN
Moltke1871
0
0
Comments
sign in to comment!
No comments posted yet!